 Dungeon Crawl Stone Soup version 0.32-a0-747-gc8563f6773 (webtiles) character file.

Game seed: 6055808368652215955

4489 Malificent the Cleaver (level 10, -2/83 HPs)
             Began as a Mountain Dwarf Artificer on Mar 17, 2024.
             Was a Believer of the Shining One.
             Slain by a yak (11 damage)
             ... on level 10 of the Dungeon on Mar 18, 2024.
             The game lasted 00:28:13 (6518 turns).

Malificent the Cleaver (Mountain Dwarf Artificer)   Turns: 6518, Time: 00:28:14

Health: -2/83      AC:  9    Str: 24    XL:     10   Next: 16%
Magic:  7/10       EV: 11    Int: 13    God:    the Shining One [**....]
Gold:   455        SH:  6    Dex: 10    Spells: 9/9 levels left

rFire   . . .        C - +1 war axe (heavy)
rCold   . . .        (no shield)
rNeg    + . .        q - +0 steam dragon scales
rPois   .            (no helmet)
rElec   .            l - +1 cloak
rCorr   .            (no gloves)
SInv    +            (no boots)
Will    +....        t - amulet of regeneration
Stlth   +            v - ring of see invisible
HPRegen 1.13/turn    z - +6 ring of strength
MPRegen 0.12/turn

%: no passive effects
@: divinely shielded, glowing
A: runic magic, artefact enchanting
a: Renounce Religion, Divine Shield


You were on level 10 of the Dungeon.
You worshipped the Shining One.
The Shining One was pleased with you.
You visited 2 branches of the dungeon, and saw 9 of its levels.
You also visited: Sewer.

You collected 455 gold pieces.

Inventory:

Hand Weapons
 a - a +0 club
 e - a +3 hand axe
 i - a +2 antimagic hand axe
 C - a +1 heavy war axe (weapon)
Missiles
 o - 7 boomerangs (quivered)
Armour
 b - a +0 leather armour
 f - a +0 ring mail
 j - a +0 scale mail
 l - a +1 cloak (worn)
 q - +0 steam dragon scales (worn)
 u - a +0 pair of gloves
 D - a +2 robe of resistance
Jewellery
 t - an amulet of regeneration (around neck)
 v - a ring of see invisible (left hand)
 z - a +6 ring of strength (right hand)
 A - a ring of poison resistance
Scrolls
 d - a scroll of revelation
 r - 3 scrolls of teleportation
 x - a scroll of enchant armour
Potions
 g - 5 potions of curing
 k - a potion of haste
 m - 3 potions of heal wounds
 n - 2 potions of enlightenment
 p - a potion of magic
 B - a potion of attraction
 E - a potion of cancellation


   Skills:
 + Level 5.7 Fighting
 * Level 11.7(11.8) Axes
 + Level 1.7(7.7) Maces & Flails
 + Level 1.0 Throwing
 * Level 8.2 Armour
 + Level 3.2 Dodging
 + Level 1.2 Stealth
 + Level 5.5 Evocations


You had 9 spell levels left.
You didn't know any spells.
Your spell library contained the following spells:

 Spells                   Type           Power      Damage    Failure   Level
 Magic Dart               Conj           0%         1d3       30%         1
 Ensorcelled Hibernation  Hex/Ice        0%         N/A       43%         2
 Mercury Vapours          Alch/Air       0%         N/A       43%         2
 Searing Ray              Conj           0%         2d4       43%         2
 Call Canine Familiar     Summ           0%         N/A       67%         3
 Frozen Ramparts          Ice            0%         1d1       67%         3
 Fugue of the Fallen      Necr           0%         N/A       67%         3
 Mephitic Cloud           Conj/Alch/Air  0%         N/A       67%         3
 Ozocubu's Armour         Ice            0%         N/A       67%         3
 Passwall                 Erth           0%         N/A       67%         3
 Sigil of Binding         Hex            0%         N/A       67%         3
 Swiftness                Air            0%         N/A       67%         3
 Anguish                  Hex/Necr       0%         N/A       97%         4
 Dimensional Bullseye     Hex/Tloc       0%         N/A       97%         4
 Fulminant Prism          Conj/Alch      0%         3d5       97%         4
 Freezing Cloud           Conj/Ice/Air   0%         6-21      100%        5
 Metabolic Englaciation   Hex/Ice        0%         N/A       100%        5


Dungeon Overview and Level Annotations

Branches:
Dungeon (7/15)             Temple (1/1) D:4           Sewer (visited)

Altars:
Ashenzari
Cheibriados
Dithmenos
Elyvilon
Gozag
Hepliaklqana
Kikubaaqudgha
Nemelex Xobeh
Okawaru
Qazlal
Ru
Sif Muna
Trog
Uskayaw
Wu Jian
Xom
Yredelemnul
Zin
The Shining One

Shops:
D:5 [


Innate Abilities, Weirdness & Mutations

Your spellcasting is much less encumbered by armour.
You can use scrolls of enchantment on lesser artefacts.


Message History

You hit the yak but do no damage.
The yak is severely wounded.
The yak barely misses you.
You slash the yak!
The yak is almost dead.
The yak gores you.
You slice the yak!!
You kill the yak!
The yak misses you.
You slash the yak!
The yak is moderately wounded.
The yak gores you!
You slash the yak!
The yak is heavily wounded.
The yak barely misses you. The yak gores you but does no damage.
You hit the yak.
The yak is heavily wounded.
The yak gores you but does no damage.
You hit the yak but do no damage.
The yak is heavily wounded.
The yak closely misses you.
You slash the yak!
The yak is almost dead.
The yak gores you but does no damage. The yak gores you!
You slice the yak!!
You kill the yak!
You slice the yak!!
The yak is almost dead.
The yak gores you!
* * * LOW HITPOINT WARNING * * *
You slice the yak!!
You kill the yak!
The yak gores you.
* * * LOW HITPOINT WARNING * * *
A divine shield forms around you! The yak gores you!
* * * LOW HITPOINT WARNING * * *
You hit the yak.
The yak is lightly wounded.
The yak gores you!
You die...

#..........#.#
#..........#.#
#..........#.#
#............#
#..........###
########[###
#.## #..# ##@#
#Y# ..Y.[....#
.........#
...Y.....#
..Y.......
..(....$.##
###.###### ..


You could see a yak.

Vanquished Creatures
  A gargoyle (D:7)
  A hornet (D:7)
  A steam dragon (D:6)
  5 yaks
  2 sky beasts
  3 black bears
  2 ogres
  2 ice beasts (D:6)
  A centaur (D:7)
  2 phantoms
  3 kobold brigands
  3 scorpions
  9 wights
  A killer bee (D:7)
  A howler monkey (D:6)
  2 bombardier beetles (D:4)
  2 jellies
  3 orc priests
  A gnoll bouda (D:5)
  5 hounds
  Terence (D:2)
  5 iguanas
  3 orc wizards
  Robin (D:2)
  11 adders
  3 gnolls
  A white imp (D:7)
  2 ufetubi (D:6)
  10 dart slugs
  2 ribbon worms
  20 orcs
  4 bats
  9 endoplasms
  8 giant cockroaches
  13 goblins
  13 hobgoblins
  2 jackals (D:1)
  17 kobolds
  4 quokkas
  11 ball pythons
  16 frilled lizards
  An orc zombie (D:4)
  6 rats
  A rat zombie (D:4)
214 creatures vanquished.

Vanquished Creatures (collateral kills)
  An orc warrior (D:4)
  A bullfrog (Sewer)
  A dart slug (Sewer)
  An orc (D:4)
4 creatures vanquished.

Vanquished Creatures (others)
  An orc warrior (D:6)
  A gnoll (D:5)
  An orc (D:6)
  A giant cockroach (Sewer)
  A quokka (D:2)
  A goblin (D:4)
6 creatures vanquished.

Grand Total: 224 creatures vanquished

Notes
Turn   | Place    | Note
-------+----------+-------------------------------------------
     0 | D:1      | Malificent the Mountain Dwarf Artificer began the quest for
                  | the Orb.
     0 | D:1      | Reached XP level 1. HP: 16/16 MP: 1/1
   279 | D:1      | Reached XP level 2. HP: 20/23 MP: 2/2
   798 | D:1      | Reached XP level 3. HP: 23/28 MP: 3/3
   888 | D:1      | Reached skill level 1 in Maces & Flails
  1034 | D:2      | Noticed Terence
  1213 | D:2      | Killed Terence
  1424 | D:2      | Reached XP level 4. HP: 31/35 MP: 1/4
  1552 | D:2      | Noticed Robin
  1569 | D:2      | Killed Robin
  1688 | D:2      | Reached skill level 1 in Axes
  2797 | D:3      | Reached skill level 2 in Axes
  2955 | D:3      | Reached XP level 5. HP: 40/41 MP: 1/5
  3143 | D:4      | Noticed an orc warrior
  3172 | D:4      | Killed an orc warrior
  3173 | D:4      | Reached skill level 3 in Axes
  3173 | D:4      | Reached skill level 1 in Dodging
  3204 | D:4      | Reached XP level 6. HP: 43/48 MP: 2/6
  3293 | D:4      | Found a glowing drain.
  3297 | Sewer    | Entered a sewer
  3371 | Sewer    | Reached skill level 4 in Axes
  3485 | Sewer    | Reached skill level 5 in Armour
  3837 | D:4      | Found a staircase to the Ecumenical Temple.
  3857 | D:4      | Reached XP level 7. HP: 35/56 MP: 2/7
  3892 | Temple   | Entered the Ecumenical Temple
  3911 | Temple   | Became a worshipper of the Shining One
  3966 | D:4      | Reached skill level 5 in Axes
  4099 | D:4      | Reached skill level 1 in Stealth
  4280 | D:5      | Entered Level 5 of the Dungeon
  4369 | D:5      | Reached skill level 6 in Axes
  4389 | D:5      | Reached XP level 8. HP: 28/63 MP: 2/8
  4624 | D:5      | Found Gaenen's Antique Armour Shop.
  4648 | D:5      | Reached skill level 7 in Axes
  5058 | D:6      | Found a snail-covered altar of Cheibriados.
  5060 | D:6      | Found an iron altar of Okawaru.
  5063 | D:6      | Found a glowing silver altar of Zin.
  5064 | D:6      | Found a hazy altar of Hepliaklqana.
  5138 | D:6      | Reached * piety under the Shining One
  5153 | D:6      | Reached skill level 8 in Axes
  5469 | D:6      | Reached XP level 9. HP: 61/72 MP: 9/9
  5615 | D:6      | Reached skill level 9 in Axes
  6103 | D:7      | Found a broken altar of Ashenzari.
  6140 | D:7      | Found a sacrificial altar of Ru.
  6140 | D:7      | Found a hide-covered altar of Uskayaw.
  6169 | D:7      | Reached skill level 5 in Evocations
  6197 | D:7      | Reached skill level 5 in Fighting
  6206 | D:7      | Reached ** piety under the Shining One
  6213 | D:7      | Reached skill level 10 in Axes
  6238 | D:7      | Noticed a gargoyle
  6246 | D:7      | Killed a gargoyle
  6291 | D:7      | Reached skill level 11 in Axes
  6299 | D:7      | Reached skill level 1 in Throwing
  6435 | D:7      | You fall into a shaft and drop 3 floors!
  6435 | D:10     | Entered Level 10 of the Dungeon
  6471 | D:10     | Reached XP level 10. HP: 72/81 MP: 10/10
  6518 | D:10     | Slain by a yak

Illustrated notes

Levels and vault maps discovered:
D:1:      grunt_arrival_lava_bath, layout_rooms, minmay_misc_feat_columns,
          grunt_decor_arrowhead
D:2:      layout_basic, uniq_robin, uniq_terence
D:3:      layout_loops_corners
D:4:      layout_cave_pools, minmay_temple_entry_butterflies,
          gup_sewer_entry_spiral, enter_ossuary_3, minmay_crossroads
D:5:      layout_gridville, serial_shops, shop_statue, chequers_garden
D:6:      layout_loops_ring, minitemple
D:7:      minmay_slanted_spiral_squares, layout_basic,
          chequers_temple_overflow_statue_of_worship,
          mainiacjoe_overflow_catwalk_spiral, uniq_menkaure
D:10:     layout_roguey, uniq_lodul
Temple:   nicolae_temple_slightly_damp_pantheon

Skill      XL: |  1  2  3  4  5  6  7  8  9 |
---------------+----------------------------+-----
Maces & Flails | 1 |  1.7
Armour         | 3 4 5 6 7 8 |  8.2
Axes           | 2 3 4 6 8 11 | 11.7
Evocations     | 4 5 |  5.5
Fighting       | 2 3 4 5 |  5.7
Dodging        | 1 2 3 |  3.2
Stealth        | 1 |  1.2
Throwing       | 1 |  1.0

Action                     |  1- 3 |  4- 6 |  7- 9 | 10-12 || total
---------------------------+-------+-------+-------+-------++-------
  Melee: Club              |   231 |       |       |       ||   231
         Hand axe          |     3 |   310 |   143 |       ||   456
         War axe           |       |       |    95 |    21 ||   116
  Throw: Boomerang         |       |       |     5 |       ||     5
 Invoke: Divine Shield     |       |       |       |     1 ||     1
  Evoke: Wand              |    11 |     4 |    22 |       ||    37
    Use: Scroll            |     2 |     5 |    13 |       ||    20
         Potion            |       |     1 |       |       ||     1
 Armour: Ring mail         |   120 |       |       |       ||   120
         Scale mail        |    95 |   373 |   111 |       ||   579
         Steam dragon scal |       |       |    95 |    15 ||   110
  Dodge: Dodged            |   130 |   189 |   126 |    11 ||   456

Table legend: (Time is in decaauts)
 A = Elapsed time spent in this place.
 B = Non-inter-level travel time spent in this place.
 C = Inter-level travel time spent in this place.
 D = Time resting spent in this place.
 E = Time spent auto-exploring this place.
 F = Levels seen in this place.
 G = Mean time per level.
                   A        B        C        D        E       F      G
               +--------+--------+--------+--------+--------+-----+--------+
         Total |   6787 |   6470 |    317 |    964 |   3003 |  10 |  678.7 |
       Dungeon |   6375 |   6077 |    298 |    964 |   3003 |   8 |  796.9 |
        Temple |     38 |     19 |     19 |      0 |      0 |   1 |   38.0 |
         Sewer |    373 |    373 |      0 |      0 |      0 |   1 |  373.0 |
               +--------+--------+--------+--------+--------+-----+--------+

Top non-repeatable levels by time:
     D:2: 1199 daAuts
     D:1: 1164 daAuts
     D:6: 1118 daAuts
     D:3: 861 daAuts
     D:4: 860 daAuts
     D:5: 720 daAuts
   Sewer: 373 daAuts
     D:7: 357 daAuts
    D:10: 93 daAuts
  Temple: 38 daAuts
